 Dungeon Crawl Stone Soup version 0.30-a0-1161-g0704695555 (webtiles) character file.

Game seed: 7866188367575028908

65 123456 the Stinger (level 3, -2/23 (24) HPs)
             Began as a Demonspawn Venom Mage on Apr 27, 2023.
             Slain by Crazy Yiuf
             ... wielding a +2 quarterstaff of chaos
              (3 damage)
             ... on level 3 of the Dungeon.
             The game lasted 00:04:30 (2350 turns).

123456 the Stinger (Demonspawn Venom Mage)          Turns: 2350, Time: 00:04:30

HP:   -2/23 (24)    AC:  3    Str:  8    XL:     3   Next: 92%
MP:   0/6           EV: 12    Int: 16    God:
Gold: 100           SH:  0    Dex: 15    Spells: 1/7 levels left

rFire   . . .        i - +0 short sword
rCold   . . .        (no shield)
rNeg    . . .        a - +0 robe
rPois   .            (no helmet)
rElec   .            (no cloak)
rCorr   .            c - +0 pair of gloves
SInv    .            (no boots)
Will    .....        (no amulet)
Stlth   ++           (no ring)
HPRegen 0.23/turn    (no ring)
MPRegen 0.10/turn

%: no passive effects
@: lethally poisoned (-2 -> -9), lightly drained
A: claws 2
a: no special abilities


You were on level 3 of the Dungeon.
You visited 1 branch of the dungeon, and saw 3 of its levels.

You collected 100 gold pieces.

Inventory:

Hand Weapons
 i - a +0 short sword (weapon)
Missiles
 p - a throwing net
Armour
 a - a +0 robe (worn)
 c - a +0 pair of gloves (worn)
Jewellery
 e - a ring of fire
Wands
 k - a wand of light (7)
Scrolls
 g - a scroll of blinking {unknown}
 h - a scroll of fog {unknown}
 j - a scroll of immolation {unknown}
 l - a scroll of vulnerability {unknown}
 n - a scroll of enchant armour {unknown}
 o - a scroll of identify {unknown}
Potions
 b - a potion of magic
 d - 2 potions of lignification {unknown}
 f - 2 potions of degeneration {unknown}
 m - 2 potions of curing {unknown}


   Skills:
 + Level 2.2 Dodging
 + Level 2.1 Stealth
 * Level 2.5 Spellcasting
 + Level 1.4 Transmutations
 + Level 0.0 Air Magic
 * Level 3.7 Poison Magic


You had one spell level left.
You knew the following spells:

 Your Spells              Type           Power      Damage    Failure   Level
a - Sting                 Tmut/Pois      40%        1d5       7%          1
b - Poisonous Vapours     Pois/Air       16%        N/A       14%         2
c - Mephitic Cloud        Conj/Pois/Air  6%         N/A       34%         3

Your spell library contained the following spells:

 Spells                   Type           Power      Damage    Failure   Level
 Magic Dart               Conj           8%         1d3       21%         1
 Call Imp                 Summ           4%         N/A       30%         2
 Olgreb's Toxic Radiance  Pois           14%        N/A       38%         4


Dungeon Overview and Level Annotations

Branches:
Dungeon (3/15)

Altars:
Trog
Yredelemnul

Annotations:
D:3 Crazy Yiuf


Innate Abilities, Weirdness & Mutations

You have very sharp fingernails.


Message History

Aim: Crazy Yiuf, wielding a +2 quarterstaff of chaos and wearing a +0 cloak Poisonous vapours surround Crazy Yiuf!
Crazy Yiuf is poisoned.
Crazy Yiuf barely misses you.
Unknown command.
Casting: Poisonous Vapours (safe; 14% risk of failure)
Confirm with . or Enter, or press ? or * to list all spells.
The spell is extremely dangerous to miscast (34% risk of failure)!
Continue anyway?
Okay, then.
Unknown command.
Aiming: Sting (safe; 7% risk of failure)
Press: ? - help, Q - select action, (/) - cycle Shift-Dir - straight line, f/p - Crazy Yiuf
Aim: Crazy Yiuf, wielding a +2 quarterstaff of chaos and wearing a +0 cloak (lightly wounded, poisoned, 75% to hit)
The sting hits Crazy Yiuf but does no damage.
Crazy Yiuf looks even sicker.
Crazy Yiuf is lightly wounded.
Crazy Yiuf hits you with a +2 quarterstaff of chaos!
You are poisoned.
Aiming: Sting (safe; 7% risk of failure)
Press: ? - help, Q - select action, (/) - cycle Shift-Dir - straight line, f/p - Crazy Yiuf
Aim: Crazy Yiuf, wielding a +2 quarterstaff of chaos and wearing a +0 cloak (lightly wounded, very poisoned, 75% to hit)
The sting hits Crazy Yiuf.
Crazy Yiuf looks even sicker.
Crazy Yiuf is moderately wounded.
You feel very sick. Crazy Yiuf closely misses you.
Aiming: Sting (safe; 7% risk of failure)
Press: ? - help, Q - select action, (/) - cycle Shift-Dir - straight line, f/p - Crazy Yiuf
Aim: Crazy Yiuf, wielding a +2 quarterstaff of chaos and wearing a +0 cloak (moderately wounded, very poisoned, 75% to hit)
The sting misses Crazy Yiuf.
You feel very sick. Crazy Yiuf barely misses you.
Aiming: Sting (safe; 7% risk of failure)
Press: ? - help, Q - select action, (/) - cycle Shift-Dir - straight line, f/p - Crazy Yiuf
Aim: Crazy Yiuf, wielding a +2 quarterstaff of chaos and wearing a +0 cloak (moderately wounded, very poisoned, 75% to hit)
The sting hits Crazy Yiuf.
Crazy Yiuf looks as sick as possible!
Crazy Yiuf is moderately wounded.
You feel sick.
Crazy Yiuf hits you with a +2 quarterstaff of chaos!
* * * LOW HITPOINT WARNING * * *
You feel drained.
You die...

#....####.'..(.....
##..## ###........
#....# #.#######
##...# #.# # ##.##
#.####### ##.#
#[....... #.##
######### ##.# #@##
#g# ... #...# #)..#
#####


You could see Crazy Yiuf (extremely poisoned).

Vanquished Creatures
  An adder (D:2)
  2 dart slugs
  4 ball pythons
  2 endoplasms
  2 giant cockroaches (D:3)
  6 goblins
  5 hobgoblins
  6 jackals (D:2)
  5 kobolds
  A quokka (D:2)
  7 bats
  6 rats
47 creatures vanquished.

Vanquished Creatures (others)
  A fungus (D:2)
1 creature vanquished.

Grand Total: 48 creatures vanquished

Notes
Turn   | Place    | Note
-------+----------+-------------------------------------------
     0 | D:1      | 123456 the Demonspawn Venom Mage began the quest for the
                  | Orb.
     0 | D:1      | Reached XP level 1. HP: 13/13 MP: 3/3
     6 | D:1      | Noticed a rime drake
     6 | D:1      | Noticed a polar bear
     7 | D:1      | Noticed an iguana
     7 | D:1      | Noticed a hound
   187 | D:1      | Reached skill level 1 in Transmutations
   378 | D:1      | Gained mutation: You have sharp fingernails. [demonic
                  | ancestry]
   378 | D:1      | Reached XP level 2. HP: 15/19 MP: 0/5
   833 | D:1      | Learned a level 2 spell: Poisonous Vapours
  1242 | D:2      | Gained mutation: You have very sharp fingernails. [demonic
                  | ancestry]
  1242 | D:2      | Reached XP level 3. HP: 17/24 MP: 1/6
  1264 | D:2      | HP: 1/24 [hobgoblin (3)]
  1470 | D:2      | Found a faded altar of an unknown god.
  1618 | D:2      | Found a basalt altar of Yredelemnul.
  2020 | D:3      | Found a bloodstained altar of Trog.
  2117 | D:3      | Learned a level 3 spell: Mephitic Cloud
  2341 | D:3      | Found a runed translucent door.
  2342 | D:3      | Noticed Crazy Yiuf
  2350 | D:3      | HP: 1/24 [Crazy Yiuf/+2 quarterstaff of chaos (7)]
  2350 | D:3      | Slain by Crazy Yiuf

Illustrated notes

Levels and vault maps discovered:
D:1:      onia_arrival_zoo_common, layout_basic
D:2:      layout_basic, basic_altar, shapermc_ecumenical_altar_hornbeckon
D:3:      layout_basic, mainiacjoe_overflow_tiny_flanked, minmay_misc_feat_x,
          uniq_crazy_yiuf_cottage, uniq_ijyb

Skill      XL: |  1  2 |
---------------+-------+-----
Transmutations | 1 |  1.4
Dodging        | 2 |  2.2
Stealth        | 2 |  2.1
Spellcasting   | |  2.5
Poison Magic   | |  3.7

Action                     || total
---------------------------++-------
  Melee: Short sword       ||    66
         Dagger            ||     3
         Unarmed           ||     3
   Cast: Sting             ||    59
         Poisonous Vapours ||    12
   Stab: Sleeping          ||     1
 Armour: Robe              ||    35
  Dodge: Dodged            ||    81

Table legend: (Time is in decaauts)
 A = Elapsed time spent in this place.
 B = Non-inter-level travel time spent in this place.
 C = Inter-level travel time spent in this place.
 D = Time resting spent in this place.
 E = Time spent auto-exploring this place.
 F = Levels seen in this place.
 G = Mean time per level.
                   A        B        C        D        E       F      G
               +--------+--------+--------+--------+--------+-----+--------+
         Total |   2354 |   2351 |      3 |    296 |   1680 |   3 |  784.7 |
       Dungeon |   2354 |   2351 |      3 |    296 |   1680 |   3 |  784.7 |
               +--------+--------+--------+--------+--------+-----+--------+

Top non-repeatable levels by time:
     D:2: 1088 daAuts
     D:1: 889 daAuts
     D:3: 376 daAuts
